 Dungeon Crawl Stone Soup version 0.30-a0-585-g93115170b9 (webtiles) character file.

Game seed: 13231342921257281264

58 Citaku the Covered (level 3, -6/33 HPs)
             Began as a Minotaur Fighter on Jan 2, 2023.
             Engulfed by a cloud of flame (23 damage)
             ... on level 3 of the Dungeon.
             The game lasted 00:04:09 (1809 turns).

Citaku the Covered (Minotaur Fighter)               Turns: 1809, Time: 00:04:09

Health: -6/33      AC:  7    Str: 20    XL:     3   Next: 76%
Magic:  2/2        EV:  9    Int:  7    God:
Gold:   91         SH:  4    Dex:  9    Spells: 2/2 levels left

rFire   . . .      SeeInvis .    a - +0 war axe
rCold   . . .      Faith    .    c - +0 buckler
rNeg    . . .      Spirit   .    b - +0 scale mail
rPois   .          Reflect  .    (helmet restricted)
rElec   .          Harm     .    (no cloak)
rCorr   .          Rampage  .    (no gloves)
Will    .....                    (no boots) Stlth
                                 (no amulet)
HPRegen 0.25/turn                (no ring)
MPRegen 0.08/turn                (no ring)

@: no status effects
A: horns 2, retaliatory headbutt
a: no special abilities


You were on level 3 of the Dungeon.
You visited 1 branch of the dungeon, and saw 3 of its levels.

You collected 91 gold pieces.

Inventory:

Hand Weapons
 a - a +0 war axe (weapon)
Armour
 b - a +0 scale mail (worn)
 c - a +0 buckler (worn)
Scrolls
 e - 3 scrolls of vulnerability {unknown}
 g - 3 scrolls of identify {unknown}
 h - a scroll of enchant weapon {unknown}
Potions
 d - a potion of might
 f - a potion of magic {unknown}
 i - a potion of flight {unknown}
 j - a potion of lignification {unknown}


   Skills:
 + Level 4.0 Fighting
 + Level 3.1 Axes
 + Level 4.5 Armour
 + Level 0.2 Dodging
 + Level 4.2 Shields


You had 2 spell levels left.
You didn't know any spells.
Your spell library contained the following spells:

 Spells                   Type           Power      Damage    Failure   Level
 Ensorcelled Hibernation  Hex/Ice        0%         N/A       94%         2
 Passwall                 Tmut/Erth      0%         N/A       94%         2
 Swiftness                Air            0%         N/A       99%         3


Dungeon Overview and Level Annotations

Branches:
Dungeon (3/15)

Altars:


Innate Abilities, Weirdness & Mutations

You have a pair of horns on your head.
You reflexively headbutt those who attack you in melee.


Message History

You feel sick.
You feel sick.
You feel sick.
You feel sick.
You feel sick.
You start resting.
You feel sick.
A kobold is nearby!
You feel sick. The kobold attacks as you move away!
The kobold hits you but does no damage.
You feel sick. The kobold attacks as you move away!
You block the kobold's attack.
You feel sick.
You are no longer poisoned.
You miss the kobold. The kobold barely misses you.
You barely miss the kobold. Your headbutt misses the kobold.
The kobold misses you.
You slash the kobold!
You kill the kobold!
Things that are here:
a +0 short sword; 4 poisoned darts; a kobold corpse You start resting.
HP restored.
There is an open door here.
Found a hand axe and 14 gold pieces.
You start waiting.
Done waiting.
Found 29 gold pieces.
Really walk into a travel-excluded area? [Y]es or [N]o only, please.
Really walk into a travel-excluded area? [Y]es or [N]o only, please.
Really walk into a travel-excluded area?
Found 31 gold pieces.
Found 5 datura-tipped darts.
Really walk into that cloud of flame?
You are engulfed in blazing flames.
You are engulfed in blazing flames.
You are engulfed in blazing flames.
Ouch! That really hurt!
You die...

....<(..# #.# .#
##..#######'## ..#
#..# ##...# §.#
.[..# ##....# .°°#
#..## ##.....#
§○○# ...
#......#####...###
...
+.......§§☼).$$..§
...
#.......°°☼.$$$..°
##......§○@..$$.§.
##....#####...###
##...# §○# ...#+##
.# ###. # #. .. #.
#.


There were no monsters in sight!

Vanquished Creatures
  2 adders (D:2)
  A dart slug (D:2)
  3 endoplasms (D:1)
  A giant cockroach (D:1)
  5 goblins
  2 hobgoblins
  A quokka (D:2)
  6 ball pythons
  5 bats
  3 frilled lizards (D:1)
  7 kobolds
  5 rats
41 creatures vanquished.

Notes
Turn   | Place    | Note
-------+----------+-------------------------------------------
     0 | D:1      | Citaku the Minotaur Fighter began the quest for the Orb.
     0 | D:1      | Reached XP level 1. HP: 19/19 MP: 0/0
    42 | D:1      | You fall into a shaft and drop 1 floor!
   137 | D:2      | Reached XP level 2. HP: 27/27 MP: 1/1
   482 | D:2      | Reached XP level 3. HP: 19/33 MP: 2/2
  1809 | D:3      | Engulfed by a cloud of flame

Illustrated notes

Levels and vault maps discovered:
D:1:      tarquinn_simple_flora_water_f, layout_loops_ring
D:2:      layout_loops_ring, nrook_uturn, minmay_misc_feat_tower, chequers_jeans
D:3:      layout_loops_corners, lemuel_flame_loot_1

Skill      XL: |  1  2  3 |
---------------+----------+-----
Shields        | 4 |  4.2
Armour         | 4 |  4.5
Fighting       | 4 |  4.0
Axes           | 3 |  3.1
Dodging        | |  0.2

Action                   || total
-------------------------++-------
Melee: War axe           ||   107
       Headbutt          ||    10
Armor: Scale mail        ||    57
Dodge: Dodged            ||    61
Block: Buckler           ||    24

Table legend: (Time is in decaauts)
 A = Elapsed time spent in this place.
 B = Non-inter-level travel time spent in this place.
 C = Inter-level travel time spent in this place.
 D = Time resting spent in this place.
 E = Time spent auto-exploring this place.
 F = Levels seen in this place.
 G = Mean time per level.
                   A        B        C        D        E       F      G
               +--------+--------+--------+--------+--------+-----+--------+
         Total |   1852 |   1852 |      0 |    239 |    794 |   3 |  617.3 |
       Dungeon |   1852 |   1852 |      0 |    239 |    794 |   3 |  617.3 |
               +--------+--------+--------+--------+--------+-----+--------+

Top non-repeatable levels by time:
     D:2: 823 daAuts
     D:1: 768 daAuts
     D:3: 261 daAuts
